AoeStats
← 一条固执的鱼

Nomad

508806830Analyzed
3v3 RM · 8d ago on Sep 24, 2026· 39m 43s· 6 players
Game mode
Random Map
Map size
210×210
Population
200
Speed
Normal
Resources
Standard
Victory
Conquest
Starting age
Dark Age
Ending age
Imperial Age
RankedLock teamsTeams togetherTeam positionsShared explorationLock speedFull tech treeHidden civsTurbo modeCheats
Victory
Defeat
🇨🇳 Mongols · China
1301
+15
🇨🇳 Koreans · China
1289
+16
🇨🇳 Portuguese · China
1252
+17
🇺🇸 Japanese · United States
1339
-18
🇺🇸 Mongols · United States
1260
-15
🇺🇸 Burgundians · United States
1250
-15
Octosaurus
4:46 Loom
13:16 Feudal Age
17:37 Castle Age
16:23 Double-Bit Axe
21:25 Fletching
22:20 Padded Archer Armor
24:26 Bodkin Arrow
28:28 Leather Archer Armor
28:53 Ballistics
39:48 Imperial Age
BuffDuck
5:00 Loom
13:38 Feudal Age
14:26 Gold Mining
16:04 Town Watch
16:32 Fletching
21:08 Wheelbarrow
24:26 Castle Age
23:16 Padded Archer Armor
29:44 Imperial Age
28:08 Horse Collar
28:20 Double-Bit Axe
29:27 Bodkin Arrow
36:56 Conscription
R3ChuukLogan
12:40 Feudal Age
12:19 Wheelbarrow
13:20 Loom
13:31 Horse Collar
14:31 Double-Bit Axe
15:13 Town Watch
15:46 Hand Cart
20:46 Castle Age
19:59 Forging
19:54 Scale Barding Armor
24:51 Town Watch
26:36 Husbandry
28:17 Cavalier
30:13 Chain Barding Armor
33:05 Iron Casting
一条固执的鱼
11:11 Loom
13:27 Feudal Age
16:06 Fletching
20:23 Wheelbarrow
23:22 Castle Age
21:45 Double-Bit Axe
24:08 Bodkin Arrow
25:48 Bow Saw
33:31 Ballistics
34:13 Husbandry
38:38 Imperial Age
37:25 Gold Mining
37:25 Stone Mining
37:18 Horse Collar
38:39 Hand Cart
41:42 Imperial Age
沉着 冷静
4:44 Loom
13:13 Feudal Age
17:14 Castle Age
15:51 Double-Bit Axe
16:27 Fletching
17:15 Town Watch
19:39 Bow Saw
21:28 Bodkin Arrow
22:26 Horse Collar
25:53 Padded Archer Armor
27:44 Leather Archer Armor
28:26 Heavy Plow
29:13 Husbandry
29:24 Bloodlines
30:09 Ballistics
30:00 Bloodlines
31:21 Gold Mining
35:06 Imperial Age
33:13 Wheelbarrow
34:02 Gold Shaft Mining
33:18 Stone Mining
34:56 Thumb Ring
35:30 Elite Mangudai
36:31 Conscription
36:16 Bracer
37:17 Chemistry
37:46 Parthian Tactics
809591945
7:06 Loom
13:50 Feudal Age
18:01 Castle Age
16:16 Fishing Lines
18:27 Double-Bit Axe
19:32 Medium Warships
20:10 Bow Saw
20:38 Town Watch
27:50 Imperial Age
26:27 Gold Mining
26:29 Stone Mining
27:46 Coinage
30:04 Banking
37:47 Stone Shaft Mining
Connection lost

Rejoining the realm…

Still unreachable

The connection could not be restored.

Session expired

The server has moved on; the page needs a fresh start.